Map: 블랙핑크 - 래더

Players

herO

  • Race: Protoss Protoss
  • Spawn Location: 7:00

JinairRogue (Rogue) - Winner!

  • Race: Zerg Zerg
  • Spawn Location: 1:00

Event: 2018 Hangzhou StarCraft Carnival

VOD

Have the link to the VOD?

Description

Time

  • Played on: April 29, 2018, 1:35 a.m.
  • Length: 5:05

All games in this series

Show
View Real Time Build Order
Export as new Build Order

herO Protoss 

Build Orders: 1 Gate Expand, Oracle Opening, Phoenix Opening 

Get SALT Encoding   

  12  0:00  Probe  
  13  0:12  Probe  
  14  0:18  Pylon  
  14  0:24  Probe  
  15  0:32  Probe  
  15  0:40  Probe  
  16  0:44  Gateway  
  16  0:47  Assimilator  
  17  0:51  Probe  
  18  1:03  Probe  
  19  1:15  Probe  
  20  1:25  Nexus  
  20  1:34  Cybernetics Core  
  20  1:36  Probe  
  21  1:43  Assimilator  
  21  1:48  Probe  
  21  1:53  Pylon  
  22  2:00  Probe  
  23  2:02  Adept  
  23  2:13  Probe  
  26  2:16  Stargate  
  26  2:24  Warp Gate  
  26  2:25  Probe  
  26  2:28  Adept  
  29  2:33  Probe  
  31  2:37  Probe  
  31  2:42  Probe  
  31  2:49  Probe  
  31  2:51  Oracle, Probe  
  33  2:56  Adept  
  36  3:01  Probe  
  36  3:03  Probe  
  41  3:09  Pylon  
  41  3:16  Gateway  
  41  3:18  Probe  
  43  3:20  Probe, Phoenix  
  43  3:30  Probe  
  43  3:32  Probe  
  49  3:42  Assimilator, Probe  
  49  3:44  Probe  
  49  3:47  Robotics Facility  
  49  3:52  Assimilator  
  49  3:54  Probe  
  49  3:56  Probe  
  49  4:02  Oracle  
  51  4:03  Twilight Council  
  49  4:10  Probe  
  49  4:14  Probe  
  36  4:31  Pylon  
  23  4:41  Shield Battery  
  23  4:44  Probe  
Show
View Real Time Build Order
Export as new Build Order

JinairRogue Zerg - Winner!

Build Orders: Hatch First, Zergling Baneling 

Get SALT Encoding   

  12  0:00  Drone  
  13  0:12  Overlord  
  13  0:17  Drone  
  14  0:31  Drone x2  
  16  0:47  Hatchery  
  15  0:51  Drone  
  15  0:54  Drone  
  17  0:58  Drone  
  18  1:10  Extractor  
  17  1:13  Spawning Pool  
  17  1:16  Drone  
  17  1:19  Drone  
  18  1:27  Drone  
  19  1:38  Drone  
  20  1:49  Overlord  
  20  2:00  Zergling x2  
  23  2:06  Queen  
  23  2:07  Zergling x2  
  26  2:10  Metabolic Boost  
  26  2:14  Zergling x4  
  26  2:23  Zergling x4  
  28  2:34  Baneling Nest  
  27  2:40  Hatchery  
  27  2:42  Zergling x2  
  27  2:55  Zergling x6  
  30  3:00  Zergling x4  
  32  3:11  Overlord  
  32  3:22  Zergling x2  
  33  3:32  Baneling x6  
  33  3:34  Zergling x10  
  38  3:41  Baneling  
  38  3:43  Baneling  
  38  3:48  Zergling x6  
  41  3:59  Zergling x2  
  41  4:00  Zergling x4  
  41  4:13  Zergling x8  
  41  4:16  Zergling x2  
  45  4:22  Zergling x2  
  43  4:26  Zergling x4  
  43  4:28  Zergling x2  
  43  4:37  Zergling x2  
  38  4:39  Zergling x2  
  38  4:41  Zergling x2  
  39  4:46  Zergling x2  
Tags
 
Add a new tag
Caveats
  • Supply blocks, unpowered buildings, or Contaminate may cause inaccurate times.
  • Supply counts are checked every 10 seconds.